NYP
WEST VIRGINIA BLACK BEARS @ STATE COLLEGE SPIKES
07/26/2048
 
TOP OF THE 1ST
West Virginia Black Bears batting - Pitching for State College Spikes : RHP Roberto Ruiz
Pitching: RHP Roberto Ruiz
Batting: SHB Don Hauk 0-0: Called Strike
0-1: Swinging Strike
0-2: Ball
1-2: Ball
2-2: Ball
3-2: SINGLE (Groundball, 13S, EV 66.2 MPH) (infield hit)
Batting: LHB Norm Silveira-Wray 0-0: Called Strike
0-1: Ball
1-1: Swinging Strike
1-2: Ball
Wild Pitch!
Don Hauk to second
2-2: Ground out 3-1 (Groundball, 34S, EV 81.9 MPH)
Don Hauk to third
Batting: RHB Brandon White 0-0: Called Strike
0-1: Swinging Strike
0-2: Ball
1-2: Foul Ball, location: 2F
1-2: Strikes out swinging
Batting: RHB Jaime Dubicki 0-0: SINGLE (Groundball, 56D, EV 108.8 MPH)
Don Hauk scores
Batting: RHB Tim Moore 0-0: Swinging Strike
0-1: Ball
1-1: Swinging Strike
1-2: Ball
2-2: DOUBLE (Line Drive, 9LS, EV 96.9 MPH)
Jaime Dubicki to third
Batting: RHB Killian Jones 0-0: Ball
1-0: Fly out, F8 (Flyball, 8LM, EV 87.5 MPH)
Top of the 1st over - 1 run, 3 hits, 0 errors, 2 left on base; West Virginia 1 - State College 0
BOTTOM OF THE 1ST
State College Spikes batting - Pitching for West Virginia Black Bears : RHP Eric Bourque
Pitching: RHP Eric Bourque
Batting: RHB Bobby Miles 0-0: Ball
1-0: Ball
2-0: Foul Ball, location: 2F
2-1: Called Strike
2-2: Ground out 6-3 (Groundball, 6, EV 83.8 MPH)
Batting: RHB Pat Scaturro 0-0: Ball
1-0: Called Strike
1-1: Ball
2-1: Swinging Strike
2-2: Foul Ball, location: 2F
2-2: Ground out 5-3 (Groundball, 5L, EV 83.1 MPH)
Batting: RHB Ricky Yerzy 0-0: Foul Ball, location: 2F
0-1: Foul Ball, location: 2F
0-2: Ball
1-2: SINGLE (Flyball, 7LS, EV 90.6 MPH)
Batting: RHB Sam Daw 0-0: Ball
Ricky Yerzy is caught stealing 2nd base 2-4
Bottom of the 1st over - 0 runs, 1 hit, 0 errors, 0 left on base; West Virginia 1 - State College 0
TOP OF THE 2ND
West Virginia Black Bears batting - Pitching for State College Spikes : RHP Roberto Ruiz
Batting: RHB Brian Moore 0-0: Ball
1-0: Called Strike
1-1: Ground out U3 (Groundball, 34, EV 85.6 MPH)
Batting: RHB Seung-mun Kim 0-0: Ball
1-0: Called Strike
1-1: Called Strike
1-2: Strikes out swinging
Batting: RHB Tyler West 0-0: Ball
1-0: Ball
2-0: Called Strike
2-1: Ground out 5-3 (Groundball, 56S, EV 61.9 MPH)
Top of the 2nd over - 0 runs, 0 hits, 0 errors, 0 left on base; West Virginia 1 - State College 0
BOTTOM OF THE 2ND
State College Spikes batting - Pitching for West Virginia Black Bears : RHP Eric Bourque
Batting: RHB Sam Daw 0-0: Called Strike
0-1: Foul Ball, location: 2F
0-2: Foul Ball, location: 2F
0-2: Ball
1-2: Ball
2-2: Ball
3-2: Strikes out swinging
Batting: LHB Ken Morehead 0-0: Ball
1-0: Ball
2-0: Swinging Strike
2-1: Ball
3-1: Base on Balls
Batting: SHB Bobby Mercado 0-0: Swinging Strike
Passed Ball!
Ken Morehead to second
0-1: Ball
1-1: Fly out, F9 (Line Drive, 89M, EV 101.9 MPH)
Runner from 2nd tags up, SAFE at 3rd with throw by RF
Batting: RHB Ben Politi 0-0: Swinging Strike
0-1: Ball
1-1: Ball
2-1: Foul Ball, location: 2F
2-2: Strikes out swinging, 2-3 out at first.
Bottom of the 2nd over - 0 runs, 0 hits, 0 errors, 1 left on base; West Virginia 1 - State College 0
TOP OF THE 3RD
West Virginia Black Bears batting - Pitching for State College Spikes : RHP Roberto Ruiz
Batting: SHB Don Hauk 0-0: Called Strike
0-1: Swinging Strike
0-2: SINGLE (Line Drive, 8LS, EV 108.1 MPH)
Batting: LHB Norm Silveira-Wray 0-0: Called Strike
Don Hauk is caught stealing 2nd base 2-6
0-1: DOUBLE (Groundball, 3L, EV 97.5 MPH)
Batting: RHB Brandon White 0-0: Ball
1-0: Foul Ball, location: 2F
1-1: Ball
2-1: Ball
3-1: Reached on error, E6 (Groundball, 6M, EV 87.5 MPH)
Norm Silveira-Wray to third
Batting: RHB Jaime Dubicki 0-0: Ball
1-0: Called Strike
1-1: Grounds into double play, 6-4-3 (Groundball, 6, EV 86.9 MPH)
Top of the 3rd over - 0 runs, 2 hits, 1 error, 1 left on base; West Virginia 1 - State College 0
BOTTOM OF THE 3RD
State College Spikes batting - Pitching for West Virginia Black Bears : RHP Eric Bourque
Batting: RHB Roberto Ruiz 0-0: Ball
1-0: Swinging Strike
1-1: Foul Ball, location: 2F
1-2: Ball
2-2: Ball
3-2: Foul Ball, location: 2F
3-2: Foul Ball, location: 2F
3-2: Strikes out swinging
Batting: RHB Tim Cleary 0-0: Ground out 6-3 (Groundball, 6, EV 109.4 MPH)
Batting: RHB Bobby Miles 0-0: Foul Ball, location: 2F
0-1: Foul Ball, location: 2F
0-2: Ball
1-2: Ground out 4-3 (Groundball, 4M, EV 82.5 MPH)
Bottom of the 3rd over - 0 runs, 0 hits, 0 errors, 0 left on base; West Virginia 1 - State College 0
TOP OF THE 4TH
West Virginia Black Bears batting - Pitching for State College Spikes : RHP Roberto Ruiz
Batting: RHB Tim Moore 0-0: Ball
1-0: Fly out, F8 (Line Drive, 8RD, EV 107.5 MPH)
Batting: RHB Killian Jones 0-0: Ball
1-0: Swinging Strike
1-1: Hit by Pitch
Batting: RHB Brian Moore 0-0: Foul Ball, location: 2F
0-1: Ball
1-1: Called Strike
1-2: Ball
2-2: Fielders Choice at 2nd, 1-4 (Groundball, 15S, EV 71.2 MPH)
Batting: RHB Seung-mun Kim 0-0: Ball
1-0: Swinging Strike
1-1: Foul Ball, location: 2F
1-2: Strikes out swinging
Top of the 4th over - 0 runs, 0 hits, 0 errors, 1 left on base; West Virginia 1 - State College 0
BOTTOM OF THE 4TH
State College Spikes batting - Pitching for West Virginia Black Bears : RHP Eric Bourque
Batting: RHB Pat Scaturro 0-0: Ball
1-0: Ball
2-0: Called Strike
2-1: Reached on error, E6 (Groundball, 6, EV 110.6 MPH)
Batting: RHB Ricky Yerzy 0-0: Ball
1-0: Ball
2-0: Ball
3-0: Base on Balls
Pat Scaturro to second
Batting: RHB Sam Daw 0-0: Called Strike
0-1: Called Strike
0-2: Ball
1-2: Strikes out swinging
Batting: LHB Ken Morehead 0-0: Foul Ball, location: 2F
0-1: Ball
1-1: Foul Ball, location: 2F
1-2: Ball
2-2: Hit by Pitch
Pat Scaturro to third
Ricky Yerzy to second
Batting: SHB Bobby Mercado 0-0: Grounds into fielders choice 4-2 (Groundball, 4M, EV 86.2 MPH)
Ricky Yerzy to third
Ken Morehead to second
Batting: RHB Ben Politi 0-0: Ball
1-0: Foul Ball, location: 2F
1-1: Ball
2-1: Ball
3-1: Called Strike
3-2: Base on Balls
Ricky Yerzy scores
Ken Morehead to third
Bobby Mercado to second
Batting: RHB Roberto Ruiz 0-0: Fly out, F8 (Flyball, 8RD, EV 102.5 MPH)
Bottom of the 4th over - 1 run, 0 hits, 1 error, 3 left on base; West Virginia 1 - State College 1
TOP OF THE 5TH
West Virginia Black Bears batting - Pitching for State College Spikes : RHP Roberto Ruiz
Batting: RHB Tyler West 0-0: Fly out, F8 (Flyball, 89M, EV 84.4 MPH)
Batting: SHB Don Hauk 0-0: Called Strike
0-1: Foul Ball, location: 2F
0-2: Foul Ball, location: 2F
0-2: Strikes out swinging
Batting: LHB Norm Silveira-Wray 0-0: Called Strike
0-1: Foul Ball, location: 2F
0-2: Foul Ball, location: 2F
0-2: Ball
1-2: Strikes out swinging
Top of the 5th over - 0 runs, 0 hits, 0 errors, 0 left on base; West Virginia 1 - State College 1
BOTTOM OF THE 5TH
State College Spikes batting - Pitching for West Virginia Black Bears : RHP Eric Bourque
Batting: RHB Tim Cleary 0-0: Ball
1-0: Called Strike
1-1: Fly out, F4 (Line Drive, 34D, EV 65.0 MPH)
Batting: RHB Bobby Miles 0-0: Called Strike
0-1: Ball
1-1: Foul Ball, location: 2F
1-2: Ball
2-2: Foul Ball, location: 2F
2-2: Foul Ball, location: 2F
2-2: Fly out, F8 (Line Drive, 8RD, EV 90.0 MPH)
Batting: RHB Pat Scaturro 0-0: Foul Ball, location: 2F
0-1: Called Strike
0-2: Ball
1-2: Strikes out swinging
Bottom of the 5th over - 0 runs, 0 hits, 0 errors, 0 left on base; West Virginia 1 - State College 1
TOP OF THE 6TH
West Virginia Black Bears batting - Pitching for State College Spikes : RHP Roberto Ruiz
Batting: RHB Brandon White 0-0: Ground out 3-1 (Groundball, 34, EV 100.6 MPH)
Batting: RHB Jaime Dubicki 0-0: Called Strike
0-1: Foul Ball, location: 2F
0-2: Strikes out swinging
Batting: RHB Tim Moore 0-0: Ball
1-0: Foul Ball, location: 2F
1-1: Swinging Strike
1-2: Ball
2-2: Ball
3-2: SINGLE (Groundball, 3D, EV 105.0 MPH)
Batting: RHB Killian Jones 0-0: Ball
1-0: Ball
2-0: Called Strike
2-1: Ball
3-1: Base on Balls
Tim Moore to second
Batting: RHB Brian Moore 0-0: Fielders Choice at 2nd, 6-4 (Groundball, 6MD, EV 98.8 MPH)
Top of the 6th over - 0 runs, 1 hit, 0 errors, 2 left on base; West Virginia 1 - State College 1
BOTTOM OF THE 6TH
State College Spikes batting - Pitching for West Virginia Black Bears : RHP Eric Bourque
Pitching: RHP Mike Rosen
Batting: RHB Ricky Yerzy 0-0: Foul Ball, location: 2F
0-1: Ball
1-1: Ball
2-1: Ball
3-1: Swinging Strike
3-2: SOLO HOME RUN (Flyball, 7D, EV 96.2 MPH), Distance : 388 ft
Batting: RHB Sam Daw 0-0: Ball
1-0: Ball
2-0: SINGLE (Groundball, 34D, EV 96.2 MPH)
Batting: LHB Ken Morehead 0-0: Swinging Strike
0-1: Ball
1-1: Swinging Strike
1-2: Foul Ball, location: 2F
1-2: Ball
2-2: Ball
3-2: Base on Balls
Sam Daw to second
Batting: SHB Bobby Mercado 0-0: Ball
1-0: Swinging Strike
1-1: Foul Ball, location: 2F
1-2: Foul Ball, location: 2F
1-2: Ball
2-2: Foul Ball, location: 2F
2-2: Foul Ball, location: 2F
2-2: Strikes out swinging
Batting: RHB Ben Politi 0-0: Ball
Sam Daw steals 3rd base
1-0: Ball
2-0: Called Strike
2-1: Swinging Strike
2-2: Ground out 4-3 (Groundball, 34, EV 85.0 MPH)
Sam Daw scores
Ken Morehead to second
Batting: RHB Roberto Ruiz 0-0: Ball
1-0: Ball
2-0: Ball
3-0: Called Strike
3-1: Base on Balls
Batting: RHB Tim Cleary 0-0: Ball
1-0: Ball
2-0: Ball
3-0: Called Strike
3-1: Called Strike
3-2: Ground out 6-3 (Groundball, 6, EV 88.1 MPH)
Bottom of the 6th over - 2 runs, 2 hits, 0 errors, 2 left on base; West Virginia 1 - State College 3
TOP OF THE 7TH
West Virginia Black Bears batting - Pitching for State College Spikes : RHP Roberto Ruiz
Batting: RHB Seung-mun Kim 0-0: Ball
1-0: Ball
2-0: Called Strike
2-1: Ball
3-1: Ground out 5-3 (Groundball, 56S, EV 56.9 MPH)
Pinch Hitting: LHB Aito Harada 0-0: Foul Ball, location: 2F
0-1: Ball
1-1: Foul Ball, location: 2F
1-2: Strikes out swinging
Batting: SHB Don Hauk 0-0: Fly out, F9 (Flyball, 89D, EV 89.4 MPH)
Top of the 7th over - 0 runs, 0 hits, 0 errors, 0 left on base; West Virginia 1 - State College 3
BOTTOM OF THE 7TH
State College Spikes batting - Pitching for West Virginia Black Bears : RHP Mike Rosen
Pitching: RHP Frank Morris
Now at 2B: Tim Moore
Now at SS: John DeVillier
Batting: RHB Bobby Miles 0-0: Ball
1-0: Ball
2-0: SINGLE (Groundball, 6MD, EV 99.4 MPH)
Batting: RHB Pat Scaturro 0-0: Called Strike
Bobby Miles steals 2nd base
0-1: Ball
Bobby Miles steals 3rd base
1-1: Foul Ball, location: 2F
1-2: Fly out, F7 (Flyball, 7, EV 80.6 MPH)
Runner from 3rd tags up, SCORES, throw by LF
Batting: RHB Ricky Yerzy 0-0: Fly out, F9 (Flyball, 89S, EV 88.8 MPH)
Batting: RHB Sam Daw 0-0: Foul Ball, location: 2F
0-1: Fly out, F9 (Flyball, 9LS, EV 87.5 MPH)
Bottom of the 7th over - 1 run, 1 hit, 0 errors, 0 left on base; West Virginia 1 - State College 4
TOP OF THE 8TH
West Virginia Black Bears batting - Pitching for State College Spikes : RHP Roberto Ruiz
Pitching: RHP Mike Cain
Batting: LHB Norm Silveira-Wray 0-0: Ball
1-0: Swinging Strike
1-1: Called Strike
1-2: Ball
2-2: Ball
3-2: Strikes out swinging
Batting: RHB Brandon White 0-0: Ball
1-0: Called Strike
1-1: Foul Ball, location: 2F
1-2: Ball
2-2: Foul Ball, location: 2F
2-2: Ball
3-2: Strikes out swinging
Batting: RHB Jaime Dubicki 0-0: Ball
1-0: Called Strike
1-1: SINGLE (Line Drive, 3D, EV 103.8 MPH)
Batting: RHB Tim Moore 0-0: Called Strike
0-1: TRIPLE (Line Drive, 78XD, EV 112.5 MPH)
Jaime Dubicki scores
Batting: RHB Killian Jones 0-0: Fly out, F9 (Flyball, 9, EV 75.6 MPH)
Top of the 8th over - 1 run, 2 hits, 0 errors, 1 left on base; West Virginia 2 - State College 4
BOTTOM OF THE 8TH
State College Spikes batting - Pitching for West Virginia Black Bears : RHP Frank Morris
Batting: LHB Ken Morehead 0-0: Ball
1-0: Called Strike
1-1: Ball
2-1: Swinging Strike
2-2: Foul Ball, location: 2F
2-2: Foul Ball, location: 2F
2-2: Foul Ball, location: 2F
2-2: Foul Ball, location: 2F
2-2: Foul Ball, location: 2F
2-2: Foul Ball, location: 2F
2-2: Ball
3-2: Foul Ball, location: 2F
3-2: Foul Ball, location: 2F
3-2: Hit by Pitch
Pitching: LHP Juan Villegas
Batting: SHB Bobby Mercado 0-0: Bunt missed!
0-1: Sac Bunt to 15S - play at first, batter OUT! 1-3
Ken Morehead to second
Batting: RHB Ben Politi 0-0: Ball
1-0: Swinging Strike
1-1: Foul Ball, location: 2F
1-2: Ball
2-2: Foul Ball, location: 2F
2-2: Ball
3-2: Base on Balls
Batting: RHB Roberto Ruiz 0-0: Foul Ball, location: 2F
0-1: Swinging Strike
0-2: Ball
1-2: Fielders Choice at 2nd, 5-4 (Groundball, 56S, EV 86.2 MPH)
Ken Morehead to third
Batting: RHB Tim Cleary 0-0: Called Strike
0-1: Fielders Choice at 2nd, 4-6 (Groundball, 6M, EV 90.6 MPH)
Bottom of the 8th over - 0 runs, 0 hits, 0 errors, 2 left on base; West Virginia 2 - State College 4
TOP OF THE 9TH
West Virginia Black Bears batting - Pitching for State College Spikes : RHP Mike Cain
Pitching: LHP Daniel Aguayo
Now in LF: Ken Compton
Batting: RHB Brian Moore 0-0: Ball
1-0: SINGLE (Groundball, 6MD, EV 100.0 MPH)
Batting: RHB Seung-mun Kim 0-0: Ball
1-0: Called Strike
1-1: Fly out, F9 (Flyball, 9LD, EV 93.8 MPH)
Batting: RHB John DeVillier 0-0: Ball
1-0: Foul Ball, location: 2F
1-1: Swinging Strike
1-2: Strikes out looking
Batting: SHB Don Hauk 0-0: Called Strike
0-1: Ball
1-1: Swinging Strike
1-2: Ball
2-2: Ball
3-2: Strikes out swinging
Top of the 9th over - 0 runs, 1 hit, 0 errors, 1 left on base; West Virginia 2 - State College 4
Tuesday, March 28th , 2023 - OOTP Baseball 23.10 Build 110